 Dungeon Crawl Stone Soup version 0.29-a0-284-gf9362112df (webtiles) character file.

Game seed: 7724930938382517974

226 Dvallin the Bolt Thrower (level 6, -4/47 HPs)
             Began as a Formicid Hunter on Mar 23, 2022.
             Was a Believer of Fedhas.
             Engulfed by a steam dragon's steam (8 damage)
             ... on level 3 of the Dungeon.
             The game lasted 00:07:09 (3976 turns).

Dvallin the Bolt Thrower (Formicid Hunter)          Turns: 3976, Time: 00:07:09

Health: -4/47      AC:  6    Str: 16    XL:     6   Next: 22%
Magic:  8/8        EV:  9    Int:  8    God:    Fedhas [**....]
Gold:   185        SH:  3    Dex: 16    Spells: 5/5 levels left

rFire   . . .      SeeInvis +   a - +1 hand crossbow
rCold   . . .      Faith    .   i - +0 buckler
rNeg    . . .      Spirit   .   h - +0 scale mail
rPois   .          Reflect  .   (helmet unavailable)
rElec   .          Harm     .   (no cloak)
rCorr   .          Rampage  .   (no gloves)
Will    .....                   (no boots)
Stlth   ..........              (no amulet)
HPRegen 0.15/turn               (no ring)
MPRegen 0.11/turn               (no ring)

@: no status effects
A: permanent stasis, dig shafts and tunnels, antennae 3, four strong arms
a: Dig, Shaft Self, Renounce Religion, Wall of Briars


You were on level 3 of the Dungeon.
You worshipped Fedhas.
Fedhas was pleased with you.
You visited 1 branch of the dungeon, and saw 4 of its levels.

You collected 185 gold pieces.

Inventory:

Hand Weapons
 a - a +1 hand crossbow (weapon)
Armour
 b - a +0 leather armour
 g - a +0 chain mail
 h - a +0 scale mail (worn)
 i - a +0 buckler (worn)
Scrolls
 c - a scroll of immolation
 d - 2 scrolls of fear {unknown}
 f - 2 scrolls of noise {unknown}
 j - 2 scrolls of enchant armour {unknown}
 k - a scroll of identify {unknown}
 l - a scroll of amnesia {unknown}
Potions
 e - 2 potions of brilliance {unknown}
 m - a potion of curing {unknown}


   Skills:
 + Level 3.6 Fighting
 * Level 5.9 Crossbows
 - Level 1.7 Dodging
 - Level 1.2 Stealth
 + Level 2.9 Invocations


You had 5 spell levels left.
You didn't know any spells.
Your spell library contained the following spells:

 Spells                   Type           Power      Damage    Failure   Level
 Animate Skeleton         Necr           0%         N/A       91%         1
 Pain                     Necr           0%         1d4       91%         1
 Vampiric Draining        Necr           0%         2d6       100%        3
 Manifold Assault         Tloc           0%         N/A       100%        5
 Conjure Ball Lightning   Conj/Air       0%         3x3d6     100%        6
 Storm Form               Tmut/Air       0%         N/A       100%        7
 Discord                  Hex            0%         N/A       100%        8
 Disjunction              Tloc           0%         N/A       100%        8
 Blink                    Tloc           Unusable   N/A       N/A         2

Dungeon Overview and Level Annotations

Branches:
Dungeon (4/15)
 Temple: D:4-7

Altars:
Fedhas

Shops:
D:3 !

Annotations:
D:2 1 runed translucent door, Crazy Yiuf


Innate Abilities, Weirdness & Mutations

You cannot be hasted, slowed, berserked, paralysed or teleported.
You can dig through walls and to a lower floor.
You have a pair of large antennae on your head. (SInv)
Your four strong arms can wield two-handed weapons with a shield.


Message History

The bolt completely misses the steam dragon.
The steam dragon bites you but does no damage.
The steam dragon misses you. The steam dragon breathes steam at you.
The ball of steam hits you!
Shoot: a) +1 hand crossbow
Press: ? - help, Q - select action, (/) - cycle Shift-Dir - straight line, f/p - steam dragon
Aim: a steam dragon (moderately wounded, 65% to hit)
You shoot a bolt. The bolt hits the steam dragon!
The steam dragon is heavily wounded.
You are engulfed in a cloud of scalding steam.
The steam dragon bites you. The steam dragon barely misses you.
Shoot: a) +1 hand crossbow
Press: ? - help, Q - select action, (/) - cycle Shift-Dir - straight line, f/p - steam dragon
Aim: a steam dragon (steam, heavily wounded, 65% to hit)
You shoot a bolt.
The bolt barely misses the steam dragon.
You are engulfed in a cloud of scalding steam.
* * * LOW HITPOINT WARNING * * *
The steam dragon breathes steam at you. The ball of steam hits you!
* * * LOW HITPOINT WARNING * * *
Shoot: a) +1 hand crossbow
Press: ? - help, Q - select action, (/) - cycle Shift-Dir - straight line, f/p - steam dragon
Aim: a steam dragon (heavily wounded, catching its breath, 65% to hit)
You shoot a bolt.
The bolt closely misses the steam dragon.
You block the steam dragon's attack.
The steam dragon claws you but does no damage.
The steam dragon barely misses you.
The steam dragon claws you but does no damage.
Unknown command.
Shoot: a) +1 hand crossbow
Press: ? - help, Q - select action, (/) - cycle Shift-Dir - straight line, f/p - steam dragon
Aim: a steam dragon (steam, heavily wounded, catching its breath, 65% to hit)
You shoot a bolt.
The bolt barely misses the steam dragon.
You are engulfed in a cloud of scalding steam.
You die...
Fedhas appreciates your contribution to the ecosystem.

# # # # #########
# #####.......#
##.......###.#
#....#.#.....#
#..#.#.#....D##
#...........(@#
#.##.#....#ยง#[#
##.........#.#.#
#..............#
#..............#
###.##......###..#
#........)...##.##
#######....#....#
#### ####....####


You could see a steam dragon (catching breath).

Vanquished Creatures
  A water moccasin zombie (D:4)
  A howler monkey (D:3)
  A bullfrog zombie (D:4)
  A hound zombie (D:4)
  An adder (D:3)
  An ufetubus (D:3)
  2 adder zombies (D:4)
  2 worms
  3 dart slugs
  7 orcs (D:3)
  5 endoplasms
  4 goblins
  6 hobgoblins
  5 jackals
  5 ball pythons
  5 bats
  4 frilled lizards
  5 kobolds
  2 rats
61 creatures vanquished.

Vanquished Creatures (others)
  2 withered plants (D:4)
2 creatures vanquished.

Grand Total: 63 creatures vanquished

Notes
Turn   | Place    | Note
-------+----------+-------------------------------------------
     0 | D:1      | Dvallin the Formicid Hunter began the quest for the Orb.
     0 | D:1      | Reached XP level 1. HP: 16/16 MP: 1/1
   447 | D:1      | Found a faded altar of an unknown god.
   457 | D:1      | Prayed at the altar of an unknown god.
   457 | D:1      | Became a worshipper of Fedhas Madash
   457 | D:1      | Reached * piety under Fedhas
   554 | D:1      | Reached XP level 2. HP: 22/22 MP: 2/2
  1192 | D:2      | Reached XP level 3. HP: 28/28 MP: 3/3
  1207 | D:2      | Reached skill level 1 in Invocations
  1375 | D:2      | Found a runed translucent door.
  1376 | D:2      | Noticed Crazy Yiuf
  1614 | D:2      | Reached ** piety under Fedhas
  1899 | D:3      | Reached XP level 4. HP: 24/34 MP: 3/5
  2026 | D:3      | Reached skill level 5 in Crossbows
  2155 | D:3      | Found Rugixo's Distillery.
  2585 | D:4      | Noticed a steam dragon
  2673 | D:3      | Reached XP level 5. HP: 8/41 MP: 6/6
  2683 | D:3      | HP: 2/41 [howler monkey (3)]
  2982 | D:4      | Noticed a black bear
  3827 | D:4      | Reached XP level 6. HP: 26/47 MP: 6/8
  3976 | D:3      | Engulfed by a steam dragon's steam

Illustrated notes

Levels and vault maps discovered:
D:1:      dpeg_arrival_water_temple_mockup, layout_basic,
          chequers_ecumenical_altar_grove
D:2:      layout_basic, uniq_crazy_yiuf_cottage
D:3:      layout_basic, serial_shops, shop
D:4:      layout_cave_pools, serial_undead, serial_undead_f, serial_undead_a,
          serial_undead_d, serial_undead_a, serial_undead_f, serial_undead_d,
          chequers_arboretum

Skill      XL: |  1  2  3  4 |
---------------+-------------+-----
Invocations    | 1 2 |  2.9
Crossbows      | 5 |  5.9
Fighting       | 3 |  3.6
Dodging        | |  1.7
Stealth        | |  1.2

Action                   |  1- 3 |  4- 6 || total
-------------------------+-------+-------++-------
 Fire: Hand crossbow     |   101 |   108 ||   209
Armor: Leather armour    |     1 |       ||     1
       Scale mail        |    21 |    77 ||    98
Dodge: Dodged            |    25 |    97 ||   122
Block: Buckler           |     2 |    20 ||    22

Table legend: (Time is in decaauts)
 A = Elapsed time spent in this place.
 B = Non-inter-level travel time spent in this place.
 C = Inter-level travel time spent in this place.
 D = Time resting spent in this place.
 E = Time spent auto-exploring this place.
 F = Levels seen in this place.
 G = Mean time per level.
                   A        B        C        D        E       F      G
               +--------+--------+--------+--------+--------+-----+--------+
         Total |   4086 |   3622 |    464 |    946 |   1695 |   4 | 1021.5 |
       Dungeon |   4086 |   3622 |    464 |    946 |   1695 |   4 | 1021.5 |
               +--------+--------+--------+--------+--------+-----+--------+

Top non-repeatable levels by time:
     D:3: 2040 daAuts
     D:1: 1041 daAuts
     D:2: 831 daAuts
     D:4: 173 daAuts
